 Dungeon Crawl Stone Soup version 0.18.1-1-g2f07953 (webtiles) character file.

1573 oplop the Chiller (level 8, 0/57 HPs)
             Began as a Merfolk Ice Elementalist on May 7, 2016.
             Slain by a killer bee (1 damage)
             ... on level 8 of the Dungeon.
             The game lasted 00:19:06 (5807 turns).

oplop the Chiller (Merfolk Ice Elementalist)        Turns: 5807, Time: 00:19:07

Health: 0/57       AC:  2    Str: 12    XL:     8   Next: 90%
Magic:  1/14       EV: 21    Int: 16    God:
Gold:   389        SH:  0    Dex: 15    Spells: 4 memorised, 5 levels left

rFire  . . .     SeeInvis .     B - +1 glaive (curse)
rCold  + . .     Gourm    .     a - +0 robe
rNeg   . . .     Faith    .     (shield currently unavailable)
rPois  .         Spirit   .     (no helmet)
rElec  +         Dismiss  .     (no cloak)
rCorr  .         Reflect  .     (no gloves)
SustAt .         Harm     .     (no boots)
MR     .....                    (no amulet)
Stlth  ++........               D - ring "Houtock" {rElec rC+ Str+4}
                                g - +6 ring of evasion

@: very slightly contaminated, drained, not resistant to hostile enchantments,
unstealthy
A: change form in water, swift swim
a: no special abilities


You were on level 8 of the Dungeon.
You were very hungry.

You visited 1 branch of the dungeon, and saw 8 of its levels.

You collected 389 gold pieces.

Inventory:

Hand Weapons
 k - a +0 spear
 n - a +0 spear of piercing
 u - a +1 spear of piercing
 B - a cursed +1 glaive (weapon)
Armour
 a - a +0 robe (worn)
Jewellery
 f - an uncursed amulet of faith
 g - a +6 ring of evasion (left hand)
 q - a +4 ring of dexterity
 s - an uncursed ring of see invisible {unknown}
 D - the ring "Houtock" (right hand) {rElec rC+ Str+4}
   (You found it on level 7 of the Dungeon)

   [ring of protection from cold]

   It affects your strength (+4).
   It protects you from cold.
   It insulates you from electricity.
Wands
 i - a wand of acid (6/15)
 l - a wand of confusion (17/48)
 r - a wand of iceblast (7/15)
 y - a wand of confusion (20/48)
Scrolls
 j - a scroll of magic mapping
 m - 4 scrolls of identify
 t - a scroll of enchant weapon
 x - a scroll of recharging {unknown}
 C - a scroll of random uselessness {unknown}
Potions
 d - a potion of curing
 e - 2 potions of degeneration {unknown}
 h - 6 potions of heal wounds {unknown}
 p - 2 potions of resistance {unknown}
 v - 2 potions of cancellation {unknown}
 w - a potion of flight {unknown}
 z - a potion of might {unknown}
 A - a potion of berserk rage {unknown}
Books
 b - a book of Frost

   Spells                             Type                      Level
   a - Freeze                         Ice                          1
   b - Throw Frost                    Conjuration/Ice              2
   c - Ozocubu's Armour               Charms/Ice                   3
   d - Throw Icicle                   Conjuration/Ice              4
   e - Summon Ice Beast               Ice/Summoning                4
Comestibles
 c - 2 bread rations
 o - a slice of pizza


   Skills:
 + Level 2.4(1.7) Fighting
 + Level 5.2(4.5) Polearms
 + Level 6.0(5.3) Dodging
 - Level 2.1(1.5) Stealth
 + Level 4.2(3.5) Spellcasting
 - Level 0.8(0.2) Conjurations
 - Level 2.4(1.7) Charms
 * Level 3.6(2.9) Summonings
 * Level 7.6(6.9) Ice Magic


You had 5 spell levels left.
You knew the following spells:

 Your Spells              Type           Power        Failure   Level  Hunger
a - Freeze                Ice            ####         1%          1    None
b - Ozocubu's Armour      Chrm/Ice       ###.....     12%         3    ###....
c - Throw Frost           Conj/Ice       ##....       10%         2    ##.....
d - Summon Ice Beast      Ice/Summ       ###.....     28%         4    ####...


Dungeon Overview and Level Annotations

Branches:
Dungeon (8/15)             Temple (0/1) D:6
   Lair: D:8-11

Altars:
Elyvilon
Gozag
Nemelex Xobeh
Pakellas

Shops:
D:5 =   D:6 :

Annotations:
D:3 Catbag's ghost, amateur MiFi
D:5 exclusions: centaur and ice beast
D:6 Grinder
D:7 Joseph


Message History

A killer bee comes into view.
You completely miss the killer bee.
The killer bee is almost dead.
The killer bee stings you!
* * * LOW HITPOINT WARNING * * *
You are lethally poisoned!
The killer bee poisons you!
The killer bee stings something!
The killer bee completely misses you.
The killer bee moves out of view.
The wight completely misses you.
Unknown command.
Drink which item? (? for menu, Esc to quit)
You feel better. The killer bee misses you. The killer bee barely misses you.
The killer bee stings you!
* * * LOW HITPOINT WARNING * * *
The killer bee barely misses you. The wight closely misses you.
Unknown command.
The killer bee stings you.
* * * LOW HITPOINT WARNING * * *
The killer bee stings you.
You die...

..## ###.##..).. ##...#
#...##.....
##.z#.###.###...... ..
##.Y##)##...##.<.)..
....###.?.........รท.......
.......z..##......##......
..####.####?.#...##......
#.y###........[.....
##y@.........###..(.
#####.##...## ###..
#.##...# .. ..##...# ..
#.#.....# ## #. . ###


You could see 2 killer bees and a wight.

Vanquished Creatures
  Edmund (D:6)
  2 orc warriors
  3 phantoms
  A centaur (D:5)
  An ogre (D:4)
  A giant frog (D:6)
  A wyvern zombie (D:8)
  A scorpion (D:6)
  A vampire bat (D:4)
  A crimson imp (D:5)
  A hound (D:8)
  A jelly (D:7)
  A centaur skeleton (D:7)
  2 orc wizards (D:6)
  Ijyb (D:3)
  A hound zombie (D:8)
  2 gnolls (D:6)
  A howler monkey skeleton (D:5)
  7 adders
  A shadow imp (D:5)
  An adder skeleton (D:4)
  3 worms
  2 dart slugs
  3 fire bats (D:4)
  4 giant geckos
  8 orcs
  2 spectral bats (D:4)
  15 bats
  3 bat skeletons (D:4)
  A bat zombie (D:4)
  3 giant cockroaches
  6 goblins
  8 hobgoblins
  2 quokkas
  2 ball pythons (D:3)
  A bat simulacrum (D:4)
  3 giant newts
  4 kobolds
  4 rats
106 creatures vanquished.

Vanquished Creatures (collateral kills)
  A hungry ghost (D:8)
  A wight (D:8)
  A centaur skeleton (D:8)
3 creatures vanquished.

Grand Total: 109 creatures vanquished

Notes
Turn   | Place    | Note
--------------------------------------------------------------
     0 | D:1      | oplop the Merfolk Ice Elementalist began the quest for the Orb.
     0 | D:1      | Reached XP level 1. HP: 13/13 MP: 3/3
   248 | D:1      | Reached XP level 2. HP: 17/19 MP: 1/5
   886 | D:2      | Reached skill level 4 in Ice Magic
   886 | D:2      | Reached XP level 3. HP: 24/24 MP: 0/6
  1101 | D:2      | Reached skill level 1 in Polearms
  1987 | D:3      | Noticed Ijyb
  2003 | D:3      | Killed Ijyb
  2003 | D:3      | Reached XP level 4. HP: 27/30 MP: 0/7
  2159 | D:3      | Noticed Catbag's ghost (amateur MiFi)
  2185 | D:4      | Found an opulent altar of Gozag.
  2217 | D:4      | Learned a level 3 spell: Ozocubu's Armour
  2458 | D:4      | Reached XP level 5. HP: 34/35 MP: 9/9
  2483 | D:4      | Reached skill level 5 in Ice Magic
  2515 | D:4      | Reached skill level 1 in Charms
  2693 | D:4      | Noticed an ogre
  2696 | D:4      | Reached XP level 6. HP: 30/41 MP: 10/10
  3061 | D:5      | Entered Level 5 of the Dungeon
  3108 | D:5      | Noticed a phantom
  3153 | D:5      | Killed a phantom
  3157 | D:5      | Learned a level 2 spell: Throw Frost
  3291 | D:5      | Found Nainixi's Jewellery Emporium.
  3349 | D:5      | Reached skill level 6 in Ice Magic
  3349 | D:5      | Reached XP level 7. HP: 14/46 MP: 4/12
  4111 | D:5      | Found a sparkling altar of Nemelex Xobeh.
  4368 | D:6      | Found a white marble altar of Elyvilon.
  4425 | D:6      | Noticed Edmund
  4437 | D:6      | Learned a level 4 spell: Summon Ice Beast
  4444 | D:6      | Noticed Grinder
  4629 | D:6      | Found Huotiuph's Book Emporium.
  4639 | D:6      | Killed Edmund
  4639 | D:6      | Reached skill level 5 in Dodging
  4639 | D:6      | Reached skill level 1 in Summonings
  4682 | D:6      | Reached skill level 1 in Fighting
  4783 | D:6      | Reached XP level 8. HP: 47/54 MP: 11/13
  4799 | D:7      | Noticed Joseph
  4899 | D:6      | Found a staircase to the Ecumenical Temple.
  5278 | D:6      | Reached skill level 7 in Ice Magic
  5423 | D:7      | Got a sparkling tin ring
  5425 | D:7      | Identified the ring "Houtock" {rElec rC+ Str+4} (You found it on level 7 of the Dungeon)
  5492 | D:8      | Noticed a wyvern
  5502 | D:8      | Found an oddly glowing altar of Pakellas.
  5507 | D:8      | Reached skill level 5 in Polearms
  5807 | D:8      | HP: 1/57 [killer bee (2)]
  5807 | D:8      | Slain by a killer bee

Skill      XL: |  1  2  3  4  5  6  7  8 |
---------------+-------------------------+-----
Dodging        | 3 4 5 6 |  6.0
Ice Magic      | 4 5 6 7 |  7.6
Polearms       | 1 2 3 4 5 |  5.2
Spellcasting   | 3 4 |  4.2
Charms         | 1 2 |  2.4
Summonings     | 1 3 |  3.6
Fighting       | 1 2 |  2.4
Stealth        | |  2.1
Conjurations   | |  0.8

Action                   |  1- 3 |  4- 6 |  7- 9 || total
-------------------------+-------+-------+-------++-------
Melee: Unarmed           |    15 |       |       ||    15
       Spear             |    54 |   132 |    42 ||   228
       Glaive            |       |       |   106 ||   106
 Cast: Freeze            |    42 |    25 |    50 ||   117
       Ozocubu's Armour  |       |     3 |    11 ||    14
       Throw Frost       |       |     2 |       ||     2
       Summon Ice Beast  |       |       |     4 ||     4
  Use: Scroll            |       |       |     7 ||     7
       Potion            |       |       |     2 ||     2
 Stab: Sleeping          |     9 |     7 |     6 ||    22
       Distracted        |       |     1 |     5 ||     6
  Eat: Chunk             |     3 |     5 |     2 ||    10
       Beef jerky        |       |     1 |       ||     1
       Meat ration       |       |       |     1 ||     1
       Fruit             |       |       |     4 ||     4
Armor: Robe              |     9 |    36 |    27 ||    72
Dodge: Dodged            |    73 |   278 |   189 ||   540
